Map: Ever Dream LE

Players

IIIIIIIIIIII

  • Race: Protoss Protoss
  • League: Master
  • Spawn Location: 1:00

Napalm - Winner!

  • Race: Zerg Zerg
  • League: Master
  • Spawn Location: 7:00

VOD

Have the link to the VOD?

Description

Time

  • Played on: Aug. 17, 2020, 3:50 a.m.
  • Length: 12:38
Show
View Real Time Build Order
Export as new Build Order

IIIIIIIIIIII Protoss 

Build Orders: 1 Gate Expand, Oracle Opening, Zealot Archon 

Get SALT Encoding   

  12  0:00  Probe  
  13  0:12  Probe  
  14  0:19  Pylon  
  14  0:25  Probe  
  15  0:38  Gateway  
  15  0:40  Probe (Chrono Boost)  
  16  0:49  Probe (Chrono Boost)  
  17  0:50  Assimilator  
  17  0:54  Probe (Chrono Boost)  
  18  1:09  Probe  
  19  1:21  Probe  
  20  1:30  Nexus  
  20  1:33  Probe  
  21  1:40  Cybernetics Core  
  21  1:45  Probe  
  22  1:49  Assimilator  
  22  1:55  Pylon  
  22  1:58  Probe  
  23  2:13  Probe  
  23  2:15  Adept (Chrono Boost)  
  26  2:25  Probe  
  27  2:36  Stargate  
  27  2:37  Probe  
  30  2:49  Gateway  
  29  3:02  Warp Gate  
  29  3:17  Oracle (Chrono Boost)  
  29  3:18  Pylon  
  29  3:21  Adept  
  29  3:23  Probe  
  33  3:27  Probe  
  34  3:35  Probe (Chrono Boost)  
  34  3:38  Oracle  
  34  3:40  Probe (Chrono Boost)  
  36  3:47  Probe (Chrono Boost)  
  40  3:51  Probe (Chrono Boost)  
  40  3:53  Probe (Chrono Boost)  
  40  3:55  Pylon, Probe (Chrono Boost)  
  42  4:01  Probe  
  44  4:06  Probe  
  45  4:11  Pylon  
  45  4:13  Probe  
  45  4:15  Phoenix (Chrono Boost)  
  48  4:18  Probe  
  49  4:25  Probe  
  49  4:29  Twilight Council  
  49  4:30  Probe  
  51  4:31  Forge  
  51  4:36  Assimilator  
  51  4:38  Probe  
  52  4:42  Probe  
  53  4:50  Probe  
  54  4:53  Stalker x2  
  54  4:54  Probe  
  59  5:00  Gateway  
  59  5:02  Probe, Gateway  
  59  5:03  Assimilator  
  59  5:05  Robotics Facility  
  60  5:19  Protoss Ground Weapons Level 1 (Chrono Boost)  
  60  5:20  Probe x2  
  62  5:22  Charge  
  62  5:32  Gateway  
  62  5:33  Gateway  
  62  5:35  Pylon  
  62  5:36  Pylon  
  62  5:41  Zealot  
  61  5:55  Immortal  
  65  6:00  Nexus  
  65  6:02  Pylon  
  64  6:17  Templar Archives  
  64  6:21  Gateway, Probe x2  
  64  6:22  Gateway  
  66  6:25  Sentry x2  
  66  6:26  Sentry  
  66  6:27  Zealot  
  74  6:33  Pylon  
  74  6:35  Probe x2  
  74  6:39  Observer  
  77  6:40  Pylon  
  77  6:47  Probe x2  
  77  6:54  High Templar x2  
  81  6:55  Zealot x4  
  81  6:58  Archon  
  81  7:01  Pylon  
  91  7:03  Photon Cannon  
  91  7:08  Shield Battery  
  91  7:10  Warp Prism (Chrono Boost)  
  93  7:24  High Templar x2  
  93  7:25  Zealot x3  
  93  7:29  Archon  
  103  7:35  Zealot  
  105  7:41  Stalker x2  
  109  7:53  Pylon  
  109  7:54  Pylon  
  109  8:05  High Templar x2  
  113  8:06  Zealot x3  
  113  8:07  Zealot x3  
  113  8:10  Pylon  
  113  8:11  Pylon, Archon  
  111  8:30  Zealot x4  
  111  8:32  Zealot x2  
  104  8:38  Zealot x2  
  104  8:40  Protoss Ground Weapons Level 2 (Chrono Boost)  
  86  8:45  Psionic Storm  
  80  8:51  Probe x3  
  80  8:54  Assimilator  
  80  8:55  Assimilator  
  81  9:00  High Templar x2  
  85  9:11  Zealot x3, High Templar  
  85  9:12  Zealot x2  
  85  9:13  Probe x3  
  100  9:32  Zealot x5  
  100  9:33  Zealot x2  
  100  9:35  Immortal (Chrono Boost)  
  102  9:53  High Templar x2  
  102  9:54  Zealot x2, High Templar  
  102  9:55  Zealot x2  
  102  9:57  Archon  
  102  9:58  Probe x2  
  102  9:59  Probe  
  115  10:07  High Templar  
  115  10:13  Immortal (Chrono Boost)  
  121  10:25  Pylon  
  121  10:28  High Templar x2  
  125  10:32  Nexus  
  125  10:34  Archon  
  125  10:37  Pylon  
  125  10:43  Immortal (Chrono Boost)  
  106  11:04  Zealot x4  
  88  11:14  Observer (Chrono Boost)  
  88  11:15  Zealot x2  
  88  11:16  Zealot x2  
  91  11:36  Zealot x4  
  91  11:37  Zealot  
  73  11:50  Zealot x3  
  73  11:57  Zealot x3  
  73  12:00  Zealot  
  73  12:04  Zealot  
  75  12:14  High Templar x2  
  79  12:18  Archon  
  79  12:20  High Templar x3  
  79  12:21  High Templar  
  79  12:22  Zealot  
  88  12:25  Archon x2  
  88  12:28  Zealot  
Show
View Real Time Build Order
Export as new Build Order

Napalm Zerg - Winner!

Build Orders: Hatch First, Lurkers, Roach Hydra 

Get SALT Encoding   

  12  0:00  Drone  
  13  0:08  Drone  
  14  0:15  Extractor  
  14  0:16  Drone  
  15  0:38  Hatchery  
  14  0:43  Extractor  
  14  0:44  Drone  
  15  0:57  Spawning Pool  
  15  1:03  Overlord  
  14  1:22  Drone x3  
  17  1:44  Queen  
  17  1:45  Zergling x4  
  21  1:50  Zergling x2  
  21  1:51  Queen  
  24  1:55  Zergling x2  
  25  2:02  Extractor  
  25  2:14  Drone  
  26  2:22  Hatchery  
  25  2:26  Drone x3  
  27  2:56  Overlord  
  27  3:01  Queen  
  27  3:02  Extractor, Overlord  
  27  3:12  Drone  
  27  3:15  Drone x3  
  27  3:16  Queen, Drone x2  
  27  3:19  Drone x2  
  36  3:20  Drone  
  36  3:23  Drone  
  38  3:28  Drone  
  38  3:34  Spore Crawler  
  38  3:35  Spore Crawler  
  37  3:43  Drone x2  
  37  3:44  Drone x2  
  37  3:48  Drone x2  
  43  3:49  Drone  
  43  3:53  Overlord  
  44  3:59  Zergling x4  
  44  4:00  Zergling x2  
  47  4:07  Metabolic Boost  
  47  4:12  Extractor  
  47  4:13  Drone  
  47  4:15  Extractor, Roach Warren  
  47  4:16  Drone  
  46  4:22  Drone x3  
  49  4:33  Spore Crawler  
  49  4:36  Drone x3  
  51  4:43  Queen  
  51  4:46  Overlord  
  51  4:53  Overlord  
  51  4:59  Overlord  
  51  5:04  Overlord  
  51  5:05  Drone x3  
  51  5:06  Drone x4  
  57  5:15  Evolution Chamber  
  57  5:16  Evolution Chamber, Overlord  
  57  5:17  Zergling x6  
  58  5:26  Drone x3  
  61  5:30  Drone  
  61  5:31  Lair  
  62  5:39  Drone x3  
  62  5:40  Drone x3  
  62  5:42  Roach x2  
  70  5:52  Zerg Missile Weapons Level 1, Zerg Ground Armor Level 1  
  70  5:54  Roach x2  
  74  5:59  Drone x3  
  77  6:09  Drone x6  
  82  6:17  Extractor  
  82  6:18  Overlord x2  
  81  6:19  Extractor, Overlord  
  80  6:28  Drone x2  
  82  6:33  Hydralisk Den  
  82  6:34  Overseer  
  82  6:35  Overlord x2  
  82  6:38  Roach x6  
  93  6:46  Glial Reconstitution  
  93  6:52  Roach x2  
  97  7:00  Extractor  
  96  7:02  Overseer, Overlord  
  96  7:03  Overseer  
  96  7:04  Hydralisk x6  
  108  7:10  Grooved Spines  
  108  7:17  Spine Crawler  
  108  7:18  Spine Crawler  
  106  7:23  Drone x2  
  108  7:30  Lurker Den  
  108  7:33  Hydralisk x2  
  108  7:35  Overlord  
  111  7:43  Hydralisk x3  
  112  7:46  Roach x3  
  118  7:54  Overseer  
  118  7:59  Roach x5  
  118  8:05  Overseer  
  128  8:08  Ravager  
  128  8:10  Overlord x2  
  129  8:21  Muscular Augments  
  107  8:35  Hydralisk  
  107  8:36  Roach x2, Hydralisk x6  
  107  8:37  Roach x3  
  107  8:38  Zergling x14  
  113  8:51  Hydralisk x3  
  113  8:52  Hydralisk x2  
  123  8:58  Lurker  
  124  9:04  Lurker  
  124  9:08  Zergling x8  
  129  9:10  Lurker  
  130  9:22  Hydralisk x4  
  138  9:29  Overlord  
  135  9:54  Spine Crawler  
  135  9:56  Lurker x4, Spine Crawler  
  135  9:57  Lurker  
  135  9:58  Zergling x10  
  135  9:59  Zergling x6  
  145  10:02  Overlord x2  
  145  10:04  Zerg Missile Weapons Level 2  
  145  10:09  Spore Crawler  
  145  10:11  Spine Crawler  
  143  10:18  Infestation Pit  
  143  10:20  Spore Crawler, Spine Crawler  
  143  10:21  Spine Crawler  
  139  10:23  Overlord  
  139  10:24  Hydralisk x3  
  139  10:25  Hydralisk x3  
  151  10:37  Hydralisk x4  
  121  11:06  Hydralisk x4  
  121  11:07  Roach x6, Hydralisk  
  131  11:18  Hydralisk x2  
  126  11:19  Roach  
  130  11:28  Overseer x2  
  130  11:29  Overseer  
  102  11:41  Hydralisk x2  
  102  11:42  Roach x3, Hydralisk  
  110  11:50  Lurker  
  110  11:51  Lurker  
  110  11:52  Hydralisk x2  
  110  11:53  Roach  
  111  11:59  Zergling x2, Overlord  
  111  12:00  Zergling x8  
  116  12:03  Lurker  
  117  12:09  Lurker  
Tags
 
Add a new tag
Caveats
  • Supply blocks, unpowered buildings, or Contaminate may cause inaccurate times.
  • Supply counts are checked every 10 seconds.